 Dungeon Crawl Stone Soup version 0.30-a0-39-g42789b21ef (console) character file.

Game seed: 2465763869217168180

115 petzl the Vexing (level 5, -2/35 (38) HPs)
             Began as a Formicid Arcane Marksman on Aug 28, 2022.
             Slain by a gnoll
             ... wielding a +0 halberd
              (10 damage)
             ... on level 1 of the Dungeon.
             The game lasted 00:07:33 (2819 turns).

petzl the Vexing (Formicid Arcane Marksman)         Turns: 2819, Time: 00:07:33

HP:   -2/35 (38)    AC:  2    Str: 15    XL:     5   Next: 20%
MP:   5/7           EV: 12    Int: 14    God:
Gold: 215           SH:  4    Dex: 14    Spells: 6/7 levels left

rFire   . . .      SeeInvis +    b - +2 short sword (venom)
rCold   . . .      Faith    .    j - +0 buckler
rNeg    . . .      Spirit   .    k - +0 robe
rPois   .          Reflect  .    (helmet unavailable)
rElec   .          Harm     .    (no cloak)
rCorr   .          Rampage  .    (no gloves)
Will    .....                    (no boots)
Stlth   ++........               (no amulet)
HPRegen 0.11/turn                (no ring)
MPRegen 0.10/turn                (no ring)

@: drained
A: permanent stasis, dig shafts and tunnels, antennae 3, four strong arms
a: Dig, Shaft Self


You were on level 1 of the Dungeon.
You visited 1 branch of the dungeon, and saw 4 of its levels.

You collected 215 gold pieces.

Inventory:

Hand Weapons
 a - a +1 sling
 b - a +2 short sword of venom (weapon)
 c - a +0 quarterstaff
Armour
 j - a +0 buckler (worn)
 k - a +0 robe (worn)
Wands
 o - a wand of mindburst (9)
Scrolls
 e - a scroll of poison
 g - 3 scrolls of teleportation {unknown}
 i - 2 scrolls of vulnerability {unknown}
 l - a scroll of amnesia {unknown}
Potions
 d - 2 potions of haste {unknown}
 f - a potion of lignification {unknown}
 h - a potion of cancellation {unknown}
 m - a potion of ambrosia {unknown}
 n - 2 potions of attraction {unknown}
 p - 2 potions of curing {unknown}


   Skills:
 + Level 2.0 Fighting
 + Level 2.5 Ranged Weapons
 + Level 1.3 Armour
 + Level 2.6 Dodging
 + Level 1.3 Stealth
 * Level 2.0 Shields
 + Level 1.9 Spellcasting
 - Level 3.6 Hexes


You had 6 spell levels left.
You knew the following spells:

 Your Spells              Type           Power      Damage    Failure   Level
a - Slow                  Hex            44%        N/A       7%          1

Your spell library contained the following spells:

 Spells                   Type           Power      Damage    Failure   Level
 Confusing Touch          Hex            11%        N/A       21%         3
 Inner Flame              Hex/Fire       6%         N/A       38%         3
 Portal Projectile        Hex/Tloc       12%        N/A       38%         3
 Cause Fear               Hex            5%         N/A       54%         4
 Vampiric Draining        Necr           1%         2d6       65%         3


Dungeon Overview and Level Annotations

Branches:
Dungeon (4/15)
 Temple: D:4-7

Altars:
Zin


Innate Abilities, Weirdness & Mutations

You cannot be hasted, slowed, berserked, paralysed or teleported.
You can dig through walls and to a lower floor.
You have a pair of large antennae on your head. (SInv)
Your four strong arms can wield two-handed weapons with a shield.


Message History

Confirm with . or Enter, or press ? or * to list all spells.
Aiming: Slow (safe; 7% risk of failure)
Press: ? - help, Shift-Dir - straight line, f - gnoll
Aim: a gnoll, wielding a +0 spear (chance to affect: 58%)
The gnoll resists with significant effort.
Casting: Slow (safe; 7% risk of failure)
Confirm with . or Enter, or press ? or * to list all spells.
Aiming: Slow (safe; 7% risk of failure)
Press: ? - help, Shift-Dir - straight line, f/p - gnoll
Aim: a gnoll, wielding a +0 spear (chance to affect: 58%)
The gnoll resists with significant effort.
Casting: Slow (safe; 7% risk of failure)
Confirm with . or Enter, or press ? or * to list all spells.
Aiming: Slow (safe; 7% risk of failure)
Press: ? - help, Shift-Dir - straight line, f/p - gnoll
Aim: a gnoll, wielding a +0 spear (chance to affect: 58%)
The gnoll seems to slow down.
The gnoll barely misses you.
The gnoll hits you from afar with a +0 spear!
There is a stone staircase leading up, spattered with blood here.
The gnoll hits you from afar with a +0 spear.
You block the gnoll's attack.
You climb upwards.
There is a stone staircase leading down here.
You hit the gnoll.
The gnoll is poisoned.
The gnoll is lightly wounded.
The gnoll barely misses you.
You closely miss the gnoll.
The gnoll is moderately wounded.
The gnoll hits you with a +0 halberd.
You completely miss the gnoll.
The gnoll is moderately wounded.
The gnoll hits you with a +0 halberd!
* * * LOW HITPOINT WARNING * * *
You hit the gnoll.
The gnoll looks even sicker.
The gnoll is moderately wounded.
The gnoll closely misses you.
You hit the gnoll.
The gnoll looks as sick as possible!
The gnoll is heavily wounded.
The gnoll hits you with a +0 halberd!
You die...

#.## #...# ###.#...#P#P#P#P#P####....###
#.######.#.# ####.#.#.###########....##.#
....)....#.####.....................###..#
.#..............##.#.#.###..........###..#
.#.....###....####...#..##..........#....#
##.....#
####.#####).##..#............##.## #.....#
#...###..###.##........#####..#
##############.##...# #..##.......# ##.#
#...##......## ##....####### #.#
#...#...##..### ##..## #.#
#.....#..#....####..# #)###
#...####...##.......#### ###...#####
####...# #.####..........## #.........#
######......# ### #......###..#
#>........# .......##...# #.....##
##.##### #.........# #########...# #.....#
#.....###.........# #...# #.....#
#####.............# ##### #.....#
#####.........# #...@g# #.........#
####### #.........# #.........#
#.........# ###########


You could see a gnoll (extremely poisoned).

Vanquished Creatures
  2 gnolls (D:2)
  2 adders (D:3)
  2 worms
  3 dart slugs
  4 orcs (D:3)
  6 ball pythons
  4 endoplasms
  2 giant cockroaches (D:3)
  A goblin (D:1)
  6 hobgoblins
  6 jackals (D:1)
  7 kobolds
  2 quokkas (D:1)
  4 bats
  5 frilled lizards
  A rat (D:1)
57 creatures vanquished.

Notes
Turn   | Place    | Note
-------+----------+-------------------------------------------
     0 | D:1      | petzl the Formicid Arcane Marksman began the quest for the
                  | Orb.
     0 | D:1      | Reached XP level 1. HP: 15/15 MP: 2/2
   323 | D:1      | Reached XP level 2. HP: 21/21 MP: 3/3
   632 | D:1      | Reached XP level 3. HP: 26/26 MP: 5/5
  1400 | D:2      | Found a faded altar of an unknown god.
  1541 | D:3      | Found a glowing silver altar of Zin.
  1570 | D:3      | Reached skill level 1 in Stealth
  1570 | D:3      | Reached XP level 4. HP: 33/33 MP: 6/6
  1573 | D:3      | Reached skill level 1 in Armour
  1587 | D:3      | Reached skill level 1 in Shields
  2364 | D:2      | Reached XP level 5. HP: 29/38 MP: 7/7
  2819 | D:1      | Slain by a gnoll

Illustrated notes

Levels and vault maps discovered:
D:1:      minmay_arrival_plants_in_alcoves, layout_rooms
D:2:      layout_basic, hellmonk_ecumenical_altar_pennies_from_heaven
D:3:      layout_basic, mainiacjoe_overflow_brackets
D:4:      layout_basic, serial_shops, shop, dk_rats_in_the_wall

Skill      XL: |  1  2  3  4  5 |
---------------+----------------+-----
Dodging        | 2 |  2.6
Stealth        | 1 |  1.3
Armour         | 1 |  1.3
Shields        | 1 2 |  2.0
Fighting       | 2 |  2.0
Ranged Weapons | |  2.5
Spellcasting   | |  1.9
Hexes          | |  3.6

Action                   |  1- 3 |  4- 6 || total
-------------------------+-------+-------++-------
Melee: Short sword       |     4 |    60 ||    64
 Fire: Sling             |   108 |       ||   108
 Cast: Slow              |     2 |     5 ||     7
 Abil: Dig               |       |     1 ||     1
 Stab: Sleeping          |       |     4 ||     4
Armor: Robe              |    17 |     9 ||    26
Dodge: Dodged            |    43 |    30 ||    73
Block: Buckler           |     1 |     8 ||     9

Table legend: (Time is in decaauts)
 A = Elapsed time spent in this place.
 B = Non-inter-level travel time spent in this place.
 C = Inter-level travel time spent in this place.
 D = Time resting spent in this place.
 E = Time spent auto-exploring this place.
 F = Levels seen in this place.
 G = Mean time per level.
                   A        B        C        D        E       F      G
               +--------+--------+--------+--------+--------+-----+--------+
         Total |   2862 |   2740 |    122 |    738 |   1444 |   4 |  715.5 |
       Dungeon |   2862 |   2740 |    122 |    738 |   1444 |   4 |  715.5 |
               +--------+--------+--------+--------+--------+-----+--------+

Top non-repeatable levels by time:
     D:1: 1461 daAuts
     D:3: 863 daAuts
     D:2: 535 daAuts
     D:4: 1 daAuts
